Map: [EWC] Oceanborn

Players

GuMiho

  • Race: Terran Terran
  • Spawn Location: 11:00

Oliveira - Winner!

  • Race: Terran Terran
  • Spawn Location: 5:00

Event: Esports World Cup 2024

VOD

Have the link to the VOD?

Description

Time

  • Played on: Aug. 15, 2024, 10:32 a.m.
  • Length: 6:58

All games in this series

Show
View Real Time Build Order
Export as new Build Order

GuMiho Terran 

Build Orders: Cyclone Opening 

Get SALT Encoding   

  12  0:00  SCV  
  13  0:12  SCV  
  14  0:17  Supply Depot  
  14  0:24  SCV  
  15  0:38  SCV, Barracks  
  16  0:44  Refinery  
  16  0:50  SCV  
  16  0:53  Refinery  
  17  1:02  SCV  
  18  1:15  SCV  
  19  1:26  Reaper  
  19  1:27  Orbital Command  
  20  1:37  Supply Depot  
  20  1:40  Factory  
  20  1:52  SCV  
  21  1:58  Reaper  
  22  2:04  SCV  
  23  2:17  Command Center  
  23  2:18  SCV  
  23  2:25  Cyclone  
  25  2:30  SCV  
  26  2:40  Starport  
  26  2:42  SCV  
  27  2:46  Supply Depot  
  27  2:54  SCV  
  27  2:57  Cyclone  
  30  3:06  SCV  
  31  3:17  Refinery, Viking  
  31  3:18  SCV  
  34  3:21  Barracks Reactor  
  34  3:31  Factory Tech Lab  
  34  3:32  Orbital Command  
  34  3:33  SCV  
  35  3:46  SCV  
  35  3:50  Siege Tank  
  38  3:58  SCV x2  
  40  4:03  Command Center  
  40  4:05  Medivac  
  42  4:10  SCV x2  
  42  4:16  Supply Depot  
  44  4:22  SCV x2  
  46  4:28  Barracks  
  46  4:34  Barracks, Stimpack  
  46  4:35  SCV  
  46  4:36  SCV, Factory Reactor  
  48  4:39  Marine  
  49  4:46  Starport Reactor  
  49  4:47  SCV  
  49  4:48  SCV  
  49  4:50  Engineering Bay  
  49  4:52  Engineering Bay  
  51  4:57  Marine  
  51  5:02  SCV x2  
  53  5:15  Orbital Command, Marine  
  53  5:19  SCV x2  
  56  5:24  Factory Tech Lab  
  54  5:29  Marine  
  54  5:30  Marine  
  54  5:32  SCV x2  
  54  5:35  Marine  
  59  5:36  Medivac x2  
  59  5:38  Marine x2  
  59  5:42  Siege Tank  
  68  5:44  SCV x2, Bunker  
  68  5:47  Marine x2  
  72  5:51  SCV  
  72  5:52  Marine  
  72  5:56  SCV, Marine  
  72  5:57  SCV  
  77  5:58  Supply Depot  
  77  6:00  Marine  
  77  6:01  Supply Depot  
  78  6:04  Marine  
  78  6:05  Marine  
  78  6:10  Marine  
  78  6:11  Viking  
  83  6:14  Marine  
  83  6:17  Marine  
  85  6:22  Marine  
  85  6:23  Marine  
  86  6:28  Marine  
  86  6:31  Marine  
  86  6:35  Marine  
  72  6:40  Marine  
Show
View Real Time Build Order
Export as new Build Order

Oliveira Terran - Winner!

Build Orders: Gas First Reaper Expand 

Get SALT Encoding   

  12  0:00  SCV  
  13  0:12  SCV  
  14  0:17  Supply Depot  
  14  0:24  SCV  
  15  0:28  Refinery  
  15  0:38  SCV  
  16  0:44  Barracks  
  16  0:50  SCV  
  17  1:02  SCV  
  18  1:14  SCV  
  19  1:32  Orbital Command, Reaper  
  20  1:47  Command Center  
  20  1:54  Factory  
  20  1:58  SCV  
  21  2:07  Bunker  
  21  2:14  SCV  
  23  2:20  Refinery  
  23  2:23  Supply Depot  
  23  2:26  SCV, Barracks Reactor  
  23  2:44  SCV  
  23  2:45  Starport, Hellion  
  26  2:56  SCV  
  27  2:59  Orbital Command  
  27  3:02  Marine x2  
  29  3:06  Cyclone  
  29  3:09  SCV  
  32  3:20  Orbital Command  
  32  3:21  SCV, Marine, Refinery, Starport Tech Lab  
  34  3:31  Supply Depot  
  34  3:33  SCV  
  35  3:38  Cyclone  
  37  3:43  Raven  
  37  3:46  SCV  
  37  3:47  SCV  
  41  3:50  Interference Matrix  
  41  3:54  Refinery  
  41  3:55  Marine x2  
  42  3:58  SCV  
  42  3:59  SCV  
  42  4:00  Supply Depot  
  45  4:10  SCV  
  45  4:11  SCV, Factory Tech Lab  
  45  4:14  Marine  
  50  4:17  Raven  
  50  4:22  SCV  
  50  4:23  SCV  
  52  4:25  Supply Depot  
  52  4:30  Siege Tank  
  55  4:33  Starport  
  55  4:34  SCV  
  55  4:37  SCV  
  59  4:47  Supply Depot, SCV  
  59  4:49  SCV  
  59  4:59  SCV  
  60  5:00  Marine  
  60  5:01  Liberator  
  60  5:04  Siege Tank, Viking  
  60  5:05  SCV  
  70  5:10  Viking  
  70  5:12  SCV  
  73  5:17  Supply Depot  
  73  5:20  Supply Depot  
  73  5:21  SCV  
  73  5:33  Marine  
  73  5:34  Liberator  
  73  5:35  SCV  
  78  5:37  SCV  
  78  5:40  Viking  
  78  5:42  Siege Tank  
  82  5:48  Supply Depot  
  82  5:49  Viking  
  84  5:54  SCV x2  
  86  5:58  Marine  
  87  6:10  Viking  
  89  6:13  SCV  
  89  6:16  Marine  
  91  6:22  Viking x2  
  91  6:23  Siege Tank  
  98  6:33  Marine  
  98  6:38  SCV  
Tags
 
Add a new tag
Caveats
  • Supply blocks, unpowered buildings, or Contaminate may cause inaccurate times.
  • Supply counts are checked every 10 seconds.